AoeStats
← Lil Fabrice

Black Forest

509887960Analyzed
2v2 RM · 4d ago on Sep 28, 2026· 44m 59s· 4 players
Game mode
Random Map
Map size
Medium (4 player)
Population
200
Speed
Normal
Resources
Standard
Victory
Conquest
Starting age
Dark Age
Ending age
Imperial Age
RankedLock teamsTeams togetherTeam positionsShared explorationLock speedFull tech treeHidden civsTurbo modeCheats
Victory
Defeat
🇫🇷 Japanese · France
1639
+9
🇫🇷 Burgundians · France
1575
+11
🇨🇳 Celts · China
1518
-12
🇮🇳 Khmer · India
1403
-8
nizam.lko
12:14 Feudal Age
16:30 Castle Age
14:53 Double-Bit Axe
15:32 Horse Collar
24:09 Bow Saw
24:01 Heavy Plow
24:07 Fishing Lines
24:25 Loom
25:04 Gillnets
32:01 Imperial Age
29:21 Town Watch
30:11 Wheelbarrow
30:43 Ballistics
30:50 Pikeman
32:40 Scale Mail Armor
32:51 Forging
32:58 Siege Engineers
33:54 Chemistry
33:46 Chain Mail Armor
33:38 Halberdier
34:55 Iron Casting
35:20 Scale Barding Armor
35:49 Double Crossbow
35:35 Light Cavalry
36:25 Bloodlines
36:16 Husbandry
37:42 Crop Rotation
37:36 Chain Barding Armor
38:43 Blast Furnace
38:57 Plate Barding Armor
39:00 Masonry
38:46 Murder Holes
38:58 Hussar
41:31 Fletching
AM | UltraSeven
0:52 Loom
10:19 Feudal Age
20:23 Castle Age
18:26 Fletching
19:13 Double-Bit Axe
19:19 Gold Mining
22:26 Crossbowman
27:23 Town Watch
27:50 Bow Saw
27:22 Horse Collar
27:56 Stone Mining
29:12 Wheelbarrow
31:18 Light Cavalry
38:56 Imperial Age
36:49 Heavy Plow
37:24 Fishing Lines
38:19 Scale Mail Armor
37:41 Man-at-Arms
40:00 Conscription
41:21 Hand Cart
41:57 Long Swordsman
42:54 Chain Mail Armor
43:07 Pikeman
iFxrY
6:19 Loom
8:37 Feudal Age
8:38 Man-at-Arms
9:46 Arson
14:05 Double-Bit Axe
16:31 Horse Collar
17:56 Fishing Lines
21:56 Castle Age
20:14 Gold Mining
20:43 Stone Mining
26:34 Bow Saw
28:07 Gold Shaft Mining
28:09 Heavy Plow
30:43 Wheelbarrow
30:19 Town Watch
31:50 Hand Cart
38:49 Imperial Age
37:00 Padded Archer Armor
37:47 Ballistics
37:20 Fletching
37:44 Caravan
38:02 Thumb Ring
38:13 Leather Archer Armor
38:35 Fortified Wall
38:07 Treadmill Crane
38:51 Heavy Cavalry Archer
39:57 Parthian Tactics
39:28 Bodkin Arrow
40:00 Bloodlines
41:06 Chemistry
40:08 Husbandry
40:11 Bracer
41:02 Conscription
42:17 Masonry
43:38 Ring Archer Armor
43:50 Scale Mail Armor
Lil Fabrice
5:24 Double-Bit Axe
12:59 Feudal Age
16:37 Castle Age
15:41 Bow Saw
15:27 Fishing Lines
16:19 Gillnets
18:17 Horse Collar
23:05 Wheelbarrow
24:50 Gold Mining
25:48 Stone Mining
27:05 Gold Shaft Mining
29:45 Imperial Age
26:59 Pikeman
27:40 Squires
27:54 Heavy Plow
27:57 Loom
27:57 Town Watch
28:48 Forging
28:38 Scale Mail Armor
29:22 Hand Cart
30:31 Iron Casting
30:14 Halberdier
32:03 Chemistry
31:49 Conscription
31:49 Chain Mail Armor
32:56 Stone Shaft Mining
33:26 Blast Furnace
33:26 Plate Mail Armor
34:26 Ballistics
35:31 Bombard Tower
34:56 Onager
35:40 Cavalier
36:20 Husbandry
36:36 Scale Barding Armor
37:36 Coinage
36:52 Paladin
38:03 Town Patrol
39:17 Chain Barding Armor
43:54 Caravan
Connection lost

Rejoining the realm…

Still unreachable

The connection could not be restored.

Session expired

The server has moved on; the page needs a fresh start.